 Dungeon Crawl Stone Soup version 0.31-a0-848-gaac375c287 (webtiles) character file.

Game seed: 16511876105959945842

7 Kurtz the Sneak (level 1, 0/18 HPs)
             Began as a Mummy Delver on Oct 4, 2023.
             Was an Initiate of Gozag.
             Slain by an orc
             ... wielding a +0 mace
              (2 damage)
             ... on level 4 of the Dungeon.
             The game lasted 00:00:30 (132 turns).

Kurtz the Sneak (Mummy Delver)                       Turns: 132, Time: 00:00:30

Health: 0/18       AC:  3    Str: 15    XL:     1   Next: 83%
Magic:  1/1        EV: 11    Int:  9    God:    Gozag
Gold:   2          SH:  0    Dex: 13    Spells: 0/0 levels left

rFire   x . .        a - +0 hand axe
rCold   + . .        (no shield)
rNeg    + + +        b - +0 leather armour
rPois   ∞            (no helmet)
rElec   .            (no cloak)
rCorr   .            (no gloves)
SInv    .            (no boots)
Will    .....        (no amulet)
Stlth   ++           (no ring)
HPRegen 0.23/turn    (no ring)
MPRegen 0.07/turn

%: faith
@: gold aura
A: cold resistance 1, negative energy resistance 3, torment resistance 2, heat
vulnerability 1, in touch with death 1, no potions, faith
a: Renounce Religion, Potion Petition, Call Merchant, Bribe Branch


You were on level 4 of the Dungeon.
You worshipped Gozag.
Gozag was noncommittal.
You visited 2 branches of the dungeon, and saw 3 of its levels.

You collected 12 gold pieces.
You paid 10 gold pieces to Gozag.

Inventory:

Hand Weapons
 a - a +0 hand axe (weapon)
Armour
 b - a +0 leather armour (worn)
Wands
 f - a wand of digging (3)
Scrolls
 c - a scroll of fog
 d - a scroll of revelation
 e - a scroll of fear


   Skills:
 - Level 3.0 Fighting
 * Level 2.1 Axes
 - Level 1.5 Dodging
 - Level 4.1 Stealth


You couldn't memorise any spells.
You didn't know any spells.
Your spell library was empty.

Dungeon Overview and Level Annotations

Branches:
Dungeon (5/15)             Temple (1/1) D:5

Altars:
Ashenzari
Cheibriados
Gozag
Hepliaklqana
Nemelex Xobeh
Qazlal
Ru
Sif Muna
Trog
Uskayaw
Vehumet
Wu Jian


Innate Abilities, Weirdness & Mutations

You are immune to poison.
Your flesh is cold resistant. (rC+)
You are immune to negative energy. (rN+++)
You are immune to unholy pain and torment.
You are vulnerable to heat. (rF-)
You are in touch with the powers of death.
You do not drink.
You have a special connection with the divine. (Faith)


Message History

The orc throws a boomerang.
The boomerang hits you.
Your Axes skill increases to level 2!
You hit the orc.
The orc is lightly wounded.
The orc barely misses you.
You slash the orc!
You kill the orc!
You hit the orc but do no damage. The orc barely misses you.
You barely miss the orc.
The orc is lightly wounded.
The orc barely misses you. The orc hits you with a +0 whip.
The orc is distracted by your dazzling golden aura.
The orc shouts!
You barely miss the orc.
The orc is lightly wounded.
You hit the orc but do no damage.
The orc is no longer distracted by gold.
You hear a shout!
The orc closely misses you. The orc misses you.
Unknown command.
You hit the orc.
The orc is almost dead.
You hit the orc but do no damage. The orc hits you with a +0 mace.
The orc closely misses you.
You are too injured to fight recklessly!
Unknown command.
You are too injured to fight recklessly!
You are too injured to fight recklessly!
You hit the orc.
The orc is almost dead.
You hit the orc but do no damage. The orc hits you with a +0 mace.
* * * LOW HITPOINT WARNING * * *
The orc hits you with a +0 whip.
* * * LOW HITPOINT WARNING * * *
Unknown command.
You hit the orc but do no damage.
The orc is almost dead.
You hit the orc but do no damage. The orc hits you with a +0 mace.
You die...
Your body crumbles into a pile of gold.

......o..
....... .o...
.o. #'# #.# #.#
##.#########.#
##...o@.......#
#.>..o..#######
##..###.# ##.#
#.# #.# #.# ...
..# #######


You could see 2 orcs.

Vanquished Creatures
  A dart slug (D:5)
  2 orcs (D:4)
3 creatures vanquished.

Notes
Turn   | Place    | Note
-------+----------+-------------------------------------------
     0 | D:5      | Kurtz the Mummy Delver began the quest for the Orb.
     0 | D:5      | Reached XP level 1. HP: 18/18 MP: 1/1
    22 | D:5      | Found a staircase to the Ecumenical Temple.
    37 | Temple   | Entered the Ecumenical Temple
    58 | Temple   | Became a worshipper of Gozag Ym Sagoz the Greedy
   132 | D:4      | Slain by an orc

Illustrated notes

Levels and vault maps discovered:
D:4:      layout_loops_corners, mainiacjoe_overflow_brackets
D:5:      layout_gridville, minmay_temple_entry_mist
Temple:   jpeg_temple_clearing

Skill      XL: |  1 |
---------------+----+-----
Axes           | 2 |  2.1
Fighting       | |  3.0
Dodging        | |  1.5
Stealth        | |  4.1

Action                     || total
---------------------------++-------
  Melee: Hand axe          ||    15
 Armour: Leather armour    ||     7
  Dodge: Dodged            ||    12

Table legend: (Time is in decaauts)
 A = Elapsed time spent in this place.
 B = Non-inter-level travel time spent in this place.
 C = Inter-level travel time spent in this place.
 D = Time resting spent in this place.
 E = Time spent auto-exploring this place.
 F = Levels seen in this place.
 G = Mean time per level.
                   A        B        C        D        E       F      G
               +--------+--------+--------+--------+--------+-----+--------+
         Total |    137 |     98 |     39 |      0 |     23 |   3 |   45.7 |
       Dungeon |     95 |     94 |      1 |      0 |     23 |   2 |   47.5 |
        Temple |     42 |      4 |     38 |      0 |      0 |   1 |   42.0 |
               +--------+--------+--------+--------+--------+-----+--------+

Top non-repeatable levels by time:
     D:5: 70 daAuts
  Temple: 42 daAuts
     D:4: 24 daAuts
